 Dungeon Crawl Stone Soup version 0.29.1-13-g9f3cf754e1 (webtiles) character file.

Game seed: 3500719957549243358

422 OTABOTABOTAB the Caller (level 6, -3/38 HPs)
             Began as an Octopode Summoner on Jan 30, 2023.
             Shot with an arrow by a centaur (7 damage)
             ... on level 4 of the Dungeon.
             The game lasted 00:09:22 (4344 turns).

OTABOTABOTAB the Caller (Octopode Summoner)         Turns: 4344, Time: 00:09:22

Health: -3/38      AC:  5    Str:  8    XL:     6   Next: 95%
Magic:  2/12       EV: 13    Int: 19    God:
Gold:   98         SH:  0    Dex: 12    Spells: 4/13 levels left

rFire   . . .      SeeInvis .   q - +1 dagger (freeze)
rCold   . . .      Faith    .   (no shield)
rNeg    . . .      Spirit   .   (helmet restricted)
rPois   .          Reflect  .   (no amulet)
rElec   .          Harm     .   A - +4 ring of protection
rCorr   .          Rampage  .   (no ring)
Will    .....                   (no ring)
Stlth   +++.......              (no ring)
HPRegen 0.12/turn               (no ring)
MPRegen 0.13/turn               (no ring)
                                (no ring)
                                (no ring)

@: no status effects
A: almost no armour, amphibious, 8 rings, camouflage 1, gelatinous body 1,
(nimble swimmer 1), tentacles
a: no special abilities


You were on level 4 of the Dungeon.
You visited 1 branch of the dungeon, and saw 4 of its levels.

You collected 98 gold pieces.

Inventory:

Hand Weapons
 q - a +1 dagger of freezing (weapon)
   (You found it on level 3 of the Dungeon)
Missiles
 k - 2 poisoned darts
 l - a throwing net {!d}
 s - 7 stones
Jewellery
 d - the amulet of Tosus {Spirit rN+ Slay+3}
   (You found it on level 3 of the Dungeon)

   [amulet of guardian spirit]

   It causes incoming damage to be divided between your reserves of health and
   magic.
   Slay:      It affects your accuracy & damage with ranged weapons and melee
   (+3).
   rN:        It protects you from negative energy.
 A - a +4 ring of protection (left tentacle)
   (You found it on level 1 of the Dungeon)
Scrolls
 a - a scroll of vulnerability {unknown}
 c - 3 scrolls of amnesia {unknown}
 e - a scroll of immolation {unknown}
 f - a scroll of poison {unknown}
 g - 2 scrolls of butterflies {unknown}
 o - 2 scrolls of teleportation {unknown}
Potions
 b - a potion of heal wounds {unknown}
 h - a potion of degeneration {unknown}
 i - 2 potions of berserk rage {unknown}
 j - a potion of resistance {unknown}
 m - a potion of invisibility {unknown}
 n - a potion of magic
 p - a potion of mutation {unknown}
 H - 2 potions of haste
 J - 2 potions of curing {@q1}
 M - 2 potions of might


   Skills:
 + Level 1.5 Fighting
 + Level 2.6 Dodging
 - Level 2.6 Stealth
 + Level 4.4 Spellcasting
 + Level 1.4 Hexes
 + Level 5.9 Summonings


You had 4 spell levels left.
You knew the following spells:

 Your Spells              Type           Power      Damage    Failure   Level
a - Summon Small Mammal   Summ           100%       N/A       1%          1
b - Call Canine Familiar  Summ           26%        N/A       3%          3
c - Call Imp              Summ           26%        N/A       1%          2
d - Summon Guardian Gole  Hex/Summ       18%        N/A       9%          3

Your spell library contained the following spells:

 Spells                   Type           Power      Damage    Failure   Level
 Beastly Appendage        Tmut           8%         N/A       13%         1
 Wereblood                Tmut           4%         N/A       21%         2
 Spider Form              Tmut/Pois      4%         N/A       36%         3
 Summon Lightning Spire   Summ/Air       15%        N/A       36%         4


Dungeon Overview and Level Annotations

Branches:
Dungeon (4/15)
 Temple: D:4-7

Altars:

Shops:
D:1 [


Innate Abilities, Weirdness & Mutations

You cannot wear most types of armour.
You are amphibious.
You can wear up to eight rings at the same time.
Your skin changes colour to match your surroundings (Stealth+).
Your rubbery body absorbs attacks. (AC +1, EV +1)
((You are camouflaged when in or above water. (Stealth+)))
You have tentacles for arms and can constrict up to eight enemies at once.


Message History

The puff of frost hits Grinder.
Grinder resists.
You now have 7/12 mp.
Your white imp gestures at Grinder.
The puff of frost hits Grinder.
Grinder resists.
Your hound barely misses Grinder.
Your hound barely misses Grinder.
Grinder blinks!
Your quokka closely misses Grinder.
Your hound bites Grinder.
Your quokka bites Grinder.
Grinder says, "At least Makhleb appreciates what I'm doing."
Your white imp barely misses Grinder.
Your quokka bites Grinder but does no damage.
Your hound bites Grinder.
Grinder closely misses your white imp.
Your white imp gestures at Grinder.
The puff of frost hits Grinder.
Grinder resists.
Your hound barely misses Grinder.
Your quokka misses Grinder. Grinder hits your quokka.
Your quokka writhes in agony.
Your hound bites Grinder.
Your white imp barely misses Grinder.
Your quokka misses Grinder.
Your hound barely misses Grinder.
Grinder hits your quokka.
Your quokka writhes in agony.
Your quokka dies!
Your quokka's corpse disappears in a puff of smoke!
Your white imp hits Grinder but does no damage.
Your quokka bites Grinder.
Your hound bites Grinder but does no damage.
Your white imp closely misses Grinder.
Your hound bites Grinder.
Grinder gestures at your hound.
Your hound barely resists.
Your quokka bites Grinder.
Your hound bites Grinder.
Your quokka bites Grinder.
Grinder dies!
Your Fighting skill increases to level 1!
Your Hexes skill increases to level 1!
Health restored: 38 Your quokka disappears in a puff of smoke!
Your guardian golem disappears in a puff of smoke!
Your hound disappears in a puff of smoke!
You swap places.
s - 7 stones (gained 3)
k - 2 poisoned darts
Things that are here:
a +0 short sword; a kobold corpse MP restored: 12 Your white imp disappears in a puff of smoke!
A centaur comes into view.
A centaur is nearby!
The centaur wields a +0 shortbow.
The centaur shoots an arrow.
The arrow hits your hound!
You now have 9/12 mp.
The centaur shoots an arrow.
The arrow barely misses your hound. The arrow hits you.
You take 2 damage, and have 36/38 hp.
The centaur shoots an arrow.
The arrow hits your hound.
The centaur unwields a +0 shortbow.
The centaur hits your hound.
Your hound dies!
Your hound's corpse disappears in a puff of smoke!
The centaur wields a +0 shortbow.
The centaur shoots an arrow.
The arrow barely misses your hound. The arrow misses you.
You now have 6/12 mp.
The centaur shoots an arrow.
The arrow hits your hound!
Your hound barely misses the centaur.
The centaur shoots an arrow.
The arrow closely misses your hound. The arrow barely misses you.
Your hound barely misses the centaur.
The centaur shoots an arrow.
The arrow completely misses your hound. The arrow barely misses you.
Your hound barely misses the centaur.
The centaur unwields a +0 shortbow.
The centaur hits your hound.
The centaur kicks your hound but does no damage.
Your hound barely misses the centaur.
The centaur wields a +0 shortbow.
The centaur shoots an arrow.
The arrow hits your hound!
Your hound dies!
Your hound's corpse disappears in a puff of smoke!
The centaur shoots an arrow.
The arrow hits you.
You take 5 damage, and have 32/38 hp.
Unknown command.
You now have 4/12 mp.
The centaur shoots an arrow.
The arrow barely misses you. The arrow hits your hound.
The centaur shoots an arrow.
The arrow hits you.
You take 4 damage, and have 28/38 hp.
You swap places.
The centaur unwields a +0 shortbow.
The centaur hits your hound. The centaur closely misses your hound.
Your hound bites the centaur.
The centaur completely misses your hound.
The centaur kicks your hound.
Your hound bites the centaur.
The centaur wields a +0 shortbow.
The centaur shoots an arrow.
The arrow barely misses your hound. The arrow barely misses you.
Your hound bites the centaur.
The centaur shoots an arrow.
The arrow hits your hound!
Your hound dies!
Your hound's corpse disappears in a puff of smoke!
The centaur shoots an arrow.
The arrow barely misses you. The arrow hits your hound!
The centaur shoots an arrow.
The arrow hits you!
You take 12 damage, and have 16/38 hp.
MASSIVE DAMAGE!!
You now have 2/12 mp.
The centaur shoots an arrow.
The arrow hits you!
* * * LOW HITPOINT WARNING * * *
You take 12 damage, and have 4/38 hp.
MASSIVE DAMAGE!!
You swap places.
The centaur shoots an arrow.
The arrow barely misses your hound. The arrow hits you!
You die...

#.............##...#
#.............##...#
#.......).....##...#
#..................#
#..............#...#
#..............#####
#..............#
#########....#.#
#...†#@# #....#.#
#....#h# #....#c#
#....#.# #....#.#
#.# #.# #.#


You could see a centaur (ally target) and a friendly hound (summoned).

Vanquished Creatures
  An endoplasm (D:1)
  A goblin (D:1)
  A ball python (D:1)
  A frilled lizard (D:2)
4 creatures vanquished.

Vanquished Creatures (collateral kills)
  Grinder (D:4)
  Sigmund (D:2)
  2 adders
  5 orcs (D:3)
  2 bats
  4 endoplasms
  A giant cockroach (D:3)
  A hobgoblin (D:2)
  2 jackals (D:1)
  5 kobolds
  A quokka (D:3)
  5 ball pythons
  4 frilled lizards
  4 goblins
  5 rats
43 creatures vanquished.

Grand Total: 47 creatures vanquished

Notes
Turn   | Place    | Note
-------+----------+-------------------------------------------
     0 | D:1      | OTABOTABOTAB the Octopode Summoner began the quest for the
                  | Orb.
     0 | D:1      | Reached XP level 1. HP: 11/11 MP: 3/3
   309 | D:1      | Found a faded altar of an unknown god.
   623 | D:1      | Reached XP level 2. HP: 17/17 MP: 1/5
   626 | D:1      | Learned a level 2 spell: Call Imp
   894 | D:1      | Found Gyh Ibre's Antique Armour Boutique.
  1597 | D:2      | Reached XP level 3. HP: 21/21 MP: 3/6
  1601 | D:2      | Learned a level 3 spell: Call Canine Familiar
  1649 | D:2      | Noticed Sigmund
  3312 | D:2      | Killed Sigmund
  3313 | D:2      | Reached skill level 4 in Spellcasting
  3313 | D:2      | Reached skill level 5 in Summonings
  3313 | D:2      | Reached XP level 4. HP: 27/27 MP: 1/10
  3313 | D:2      | Reached XP level 5. HP: 31/31 MP: 1/11
  3400 | D:2      | Learned a level 3 spell: Summon Guardian Golem
  3886 | D:3      | Identified the amulet of Tosus {Spirit rN+ Slay+3}
  3934 | D:3      | Reached XP level 6. HP: 31/36 MP: 6/12
  4266 | D:4      | Noticed Grinder
  4281 | D:4      | Killed Grinder
  4282 | D:4      | Reached skill level 1 in Fighting
  4282 | D:4      | Reached skill level 1 in Hexes
  4343 | D:4      | HP: 4/38 [centaur/arrow (12)]
  4344 | D:4      | Shot with an arrow by a centaur

Illustrated notes

Levels and vault maps discovered:
D:1:      dpeg_arrival_rooms_with_view, layout_loops_ring, serial_shops,
          nicolae_shop_crystal, hellmonk_ecumenical_altar_slurped_away,
          grunt_decor_junction, amcnicky_mini_rare_corridor_liquid
D:2:      layout_loops_corners, grunt_ministairs_13, uniq_sigmund
D:3:      layout_basic
D:4:      kennysheep_goblin_castle, layout_basic, uniq_grinder, uniq_natasha,
          uniq_eustachio

Skill      XL: |  1  2  3  4  5  6 |
---------------+-------------------+-----
Spellcasting   | 4 |  4.4
Summonings     | 5 |  5.9
Fighting       | 1 |  1.5
Hexes          | 1 |  1.4
Dodging        | |  2.6
Stealth        | |  2.6

Action                   |  1- 3 |  4- 6 || total
-------------------------+-------+-------++-------
Melee: Unarmed           |     3 |       ||     3
       Dagger            |     4 |       ||     4
       Constrict         |     2 |       ||     2
       Tentacles         |     1 |       ||     1
Throw: Stone             |       |     2 ||     2
 Cast: Summon Small Mamm |    35 |    10 ||    45
       Call Imp          |     8 |     4 ||    12
       Call Canine Famil |    15 |     9 ||    24
       Summon Guardian G |       |     1 ||     1
  Use: Scroll            |       |     3 ||     3
Armor: Skin              |     1 |     3 ||     4
Dodge: Dodged            |     8 |    11 ||    19

Table legend: (Time is in decaauts)
 A = Elapsed time spent in this place.
 B = Non-inter-level travel time spent in this place.
 C = Inter-level travel time spent in this place.
 D = Time resting spent in this place.
 E = Time spent auto-exploring this place.
 F = Levels seen in this place.
 G = Mean time per level.
                   A        B        C        D        E       F      G
               +--------+--------+--------+--------+--------+-----+--------+
         Total |   4341 |   3994 |    347 |    440 |   2936 |   4 | 1085.2 |
       Dungeon |   4341 |   3994 |    347 |    440 |   2936 |   4 | 1085.2 |
               +--------+--------+--------+--------+--------+-----+--------+

Top non-repeatable levels by time:
     D:2: 2161 daAuts
     D:1: 1251 daAuts
     D:3: 780 daAuts
     D:4: 148 daAuts

Table legend:
 A = Kills in this place as a percentage of kills in entire the game.
 B = Kills by you in this place as a percentage of kills by you in the entire game.
 C = Kills by friends in this place as a percentage of kills by friends in the entire game.
 D = Other kills in this place as a percentage of other kills in the entire game.
 E = Experience gained in this place as a percentage of experience gained in the entire game.
 F = Experience gained in this place divided by the number of levels of this place that you have seen.
                   A       B       C       D       E      F
               +-------+-------+-------+-------+-------+----------------------
         Total | 100.0 | 100.0 | 100.0 |   N/A | 100.0 | 151.0
       Dungeon | 100.0 | 100.0 | 100.0 |   N/A | 100.0 | 151.0
               +-------+-------+-------+-------+-------+----------------------
